 Dungeon Crawl Stone Soup version 0.22-a0-750-ga7dcef7 (webtiles) character file.

3070 KristoblXynda the Grappler (level 9, -3/74 HPs)
             Began as a Troll Wizard on July 15, 2018.
             Slain by a centaur (7 damage)
             ... on level 8 of the Dungeon.
             The game lasted 00:20:00 (7037 turns).

KristoblXynda the Grappler (Troll Wizard)           Turns: 7037, Time: 00:20:01

Health: -3/74      AC:  6    Str: 17    XL:     9   Next: 58%
Magic:  17/20      EV:  9    Int: 17    God:
Gold:   351        SH:  0    Dex:  8    Spells: 8/12 levels left

rFire    . . .     SeeInvis .     - Unarmed
rCold    . . .     Gourm    +   (no shield)
rNeg     . . .     Faith    .   a - +0 robe
rPois    .         Spirit   .   b - +0 hat
rElec    .         Reflect  .   s - +0 cloak
rCorr    .         Harm     .   (gloves unavailable)
MR       .....                  (boots unavailable)
Stlth    ++........             (no amulet)
HPRegen  0.62/turn              k - ring of stealth
MPRegen  0.17/turn              i - ring of magical power

@: no status effects
A: large, unfitting armour, claws 3, fast metabolism 3, gourmand, regeneration
1, shaggy fur 1, tough skin 2
a: no special abilities


You were on level 8 of the Dungeon.
You were completely stuffed.

You visited 1 branch of the dungeon, and saw 8 of its levels.

You collected 351 gold pieces.

Inventory:

Hand Weapons
 u - a +2 whip of venom
Armour
 a - a +0 robe (worn)
 b - a +0 hat (worn)
 p - +0 storm dragon scales
 s - a +0 cloak (worn)
Jewellery
 i - a ring of magical power (right claw)
 k - a ring of stealth (left claw)
Wands
 c - a wand of acid (5)
Scrolls
 e - 2 scrolls of identify
 f - 2 scrolls of blinking
 j - a scroll of enchant weapon
 o - a scroll of magic mapping
 t - 2 scrolls of remove curse
Potions
 g - 2 potions of brilliance
 h - a potion of haste
 m - 2 potions of might
 n - 2 potions of flight
 r - 2 potions of resistance
 w - a potion of mutation {unknown}
Comestibles
 d - 16 rations
 q - 6 chunks of flesh


   Skills:
 - Level 1.5 Dodging
 - Level 1.0 Stealth
 + Level 9.4 Unarmed Combat
 - Level 2.0 Spellcasting
 + Level 7.3 Conjurations
   Level 0.6 Summonings
   Level 0.6 Translocations


You had 8 spell levels left.
You knew the following spells:

 Your Spells              Type           Power        Failure   Level  Hunger
a - Magic Dart            Conj           ####         1%          1    #......
b - Mephitic Cloud        Conj/Pois/Air  #.......     22%         3    ###....

Your spell library contained the following spells:

 Spells                   Type           Power        Failure   Level  Hunger
 Conjure Flame            Conj/Fire      ##......     13%         3    ###....
 Slow                     Hex            #.......     28%         2    ###....
 Blink                    Tloc           N/A          22%         2    ###....
 Call Imp                 Summ           #.......     22%         2    ###....


Dungeon Overview and Level Annotations

Branches:
Dungeon (9/15)
 Temple: D:4-7         Lair: D:8-11         Orc: D:9-12

Altars:
Elyvilon
Gozag
Makhleb
Trog
Zin

Shops:
D:6 %


Innate Abilities, Weirdness & Mutations

You are too large for most types of armour.
You have claws for hands.
Your metabolism is lightning-fast.
You like to eat raw meat.
Your natural rate of healing is unusually fast.
You are covered in fur. (AC +1)
You have very tough skin. (AC +2)


Message History

The centaur zaps a wand.
The puff of flame hits you!
* * * LOW HITPOINT WARNING * * *
You feel less invigorated.
You feel less confused. The bullfrog hits you.
* * * LOW HITPOINT WARNING * * *
Casting: Mephitic Cloud (safe; 22% risk of failure)
Confirm with . or Enter, or press ? or * to list all spells.
Aiming: Mephitic Cloud (safe; 22% risk of failure)
Press: ? - help, Shift-Dir - straight line, f - bullfrog
Aim: a bullfrog (almost dead) That beam is likely to hit you.
Continue anyway?
The ball explodes into a vile cloud!
The stinking cloud engulfs the bullfrog.
The bullfrog is almost dead.
The stinking cloud engulfs you!
The stinking cloud engulfs the centaur.
You hear a shout!
The centaur unwields an uncursed enchanted shortbow.
The centaur hits you!
You die...

#.##.................#.........≈≈
#.####.#.###.#.......#....≈≈.....
#.# #.#.###.#.......#.....≈.....
#)# #.#...#.#.......#...........
#.####.###.#.#######.#...........
..)÷Y..#...#.#######.#...........
#####..#.#.#........(.......≈..
#...........§c........≈≈≈..
#....#.#....@F.(.....≈≈....
#####....#(#..######..((≈≈≈....
.........#.#..########.........
.........#.#.........#.........
####.##..#.....##....#.......≈.
#.#...###.#.##....#.........
#.#.......#.##....#.........
#.#.........##....#.........
#.#..........'....#.........


You could see a bullfrog and a centaur.

Vanquished Creatures
  7 yaks (D:8)
  An ice beast (D:8)
  A sky beast (D:5)
  2 ogres
  A phantom (D:6)
  A centaur (D:5)
  A bullfrog (D:8)
  2 gnoll sergeants
  3 killer bees (D:8)
  An electric eel (D:8)
  2 howler monkeys
  2 bullfrog zombies (D:6)
  2 jellies
  An orc priest (D:8)
  A gnoll shaman (D:8)
  3 hounds
  An orc wizard (D:3)
  3 centaur skeletons
  2 iguanas
  3 worker ants
  A hound zombie (D:6)
  12 gnolls
  8 adders
  A shadow imp (D:5)
  An adder zombie (D:3)
  4 adder skeletons
  5 worms
  A dart slug (D:1)
  6 leopard geckos
  10 orcs
  2 ball pythons
  3 giant cockroaches
  3 goblins (D:2)
  5 hobgoblins
  10 jackals
  8 kobolds
  3 quokkas
  7 bats
  16 frilled lizards
  A quokka zombie (D:5)
  5 rats
152 creatures vanquished.

Vanquished Creatures (others)
  A two-headed ogre (D:8)
1 creature vanquished.

Grand Total: 153 creatures vanquished

Notes
Turn   | Place    | Note
-------+----------+-------------------------------------------
     0 | D:1      | KristoblXynda the Troll Wizard began the quest for the Orb.
     0 | D:1      | Reached XP level 1. HP: 16/16 MP: 2/2
   171 | D:1      | Reached skill level 1 in Conjurations
   304 | D:1      | Reached skill level 1 in Unarmed Combat
   314 | D:1      | Reached XP level 2. HP: 24/24 MP: 4/4
  1035 | D:2      | Reached XP level 3. HP: 19/31 MP: 5/5
  1049 | D:2      | Reached skill level 2 in Unarmed Combat
  1115 | D:2      | Found a faded altar of an unknown god.
  1650 | D:3      | Learned a level 3 spell: Mephitic Cloud
  1714 | D:3      | Reached XP level 4. HP: 39/39 MP: 6/6
  1806 | D:3      | Reached skill level 3 in Unarmed Combat
  2019 | D:3      | Found an opulent altar of Gozag.
  2021 | D:3      | Found a glowing silver altar of Zin.
  2071 | D:3      | Reached XP level 5. HP: 36/45 MP: 7/7
  2109 | D:3      | Found a burning altar of Makhleb.
  2471 | D:3      | Found a white marble altar of Elyvilon.
  2694 | D:4      | Found a bloodstained altar of Trog.
  3513 | D:4      | Reached skill level 4 in Unarmed Combat
  3597 | D:5      | Entered Level 5 of the Dungeon
  3597 | D:5      | Noticed a sky beast
  3616 | D:5      | Killed a sky beast
  3616 | D:5      | Reached XP level 6. HP: 20/53 MP: 8/8
  4281 | D:5      | Reached skill level 5 in Unarmed Combat
  4281 | D:5      | Reached XP level 7. HP: 19/59 MP: 9/9
  4821 | D:6      | Reached skill level 6 in Unarmed Combat
  4934 | D:6      | Found Oxzep's Food Emporium.
  5182 | D:6      | You fall through a shaft for 2 floors!
  5201 | D:8      | Reached XP level 8. HP: 67/67 MP: 10/10
  5303 | D:8      | Reached skill level 5 in Conjurations
  5311 | D:8      | Reached skill level 7 in Unarmed Combat
  5492 | D:8      | Reached skill level 8 in Unarmed Combat
  5649 | D:8      | Noticed a two-headed ogre
  5721 | D:8      | Killed a two-headed ogre
  5721 | D:8      | Reached XP level 9. HP: 49/74 MP: 0/11
  6130 | D:8      | Reached skill level 9 in Unarmed Combat
  6176 | D:8      | Noticed a two-headed ogre
  7029 | D:8      | HP: 1/74 [centaur/arrow (14)]
  7035 | D:8      | HP: 2/74 [centaur/wand of flame (21) (8)]
  7037 | D:8      | Slain by a centaur

Vault maps used:
D:1:      kilobyte_arrival_exit_the_forest, serial_glass, glass_columns_c,
          glass_columns_b, glass_columns_a, glass_columns_a, glass_columns_a,
          glass_columns_c, moated_statue
D:2:      chequers_ecumenical_altar_simple_redux, grunt_decor_resistance
D:3:      nicolae_overflow_hidden_temple, st_stairs_2, bloody_makhleb
D:4:      bloody_trog, first_ration
D:6:      serial_shops, nicolae_shop_stone, hangedman_decor_clover_reticule,
          kennysheep_generic_room_2
D:8:      mrwooster_statue_mirror, dk_yredelemnul_ordeal

Skill      XL: |  1  2  3  4  5  6  7  8  9 |
---------------+----------------------------+-----
Conjurations   | 1 2 3 4 6 7 |  7.3
Unarmed Combat | 1 2 3 4 5 6 8 9 |  9.4
Dodging        | |  1.5
Stealth        | |  1.0
Spellcasting   | |  2.0
Summonings     | |  0.6
Translocations | |  0.6

Action                   |  1- 3 |  4- 6 |  7- 9 || total
-------------------------+-------+-------+-------++-------
Melee: Unarmed           |   153 |   184 |   230 ||   567
       Punch             |       |     1 |    13 ||    14
 Cast: Mephitic Cloud    |       |     1 |    19 ||    20
       Magic Dart        |       |       |    28 ||    28
  Use: Potion            |       |     4 |     2 ||     6
       Scroll            |       |     7 |     9 ||    16
 Stab: Sleeping          |     3 |     3 |       ||     6
       Distracted        |       |       |     2 ||     2
       Confused          |       |       |     5 ||     5
  Eat: Chunk             |    21 |    16 |    37 ||    74
Armor: Robe              |    54 |    63 |    52 ||   169
       Skin              |       |     6 |       ||     6
Dodge: Dodged            |    62 |    76 |    80 ||   218

Table legend:
 A = Spawn XP
 B = Non-spawn XP
 C = Spawn XP percentage of total XP
 D = Spawn monster count
 E = Non-spawn monster count
 F = Spawn count percentage of total count
 G = Total turns spent on level
                    A         B        C        D         E        F      G
               +---------+---------+-------+---------+---------+-------+---------
         Total |       0 |    4387 |   0.0 |       0 |     153 |   0.0 |  7037
               +---------+---------+-------+---------+---------+-------+---------
           D:1 |       0 |      29 |   0.0 |       0 |      17 |   0.0 |   938
           D:2 |       0 |      59 |   0.0 |       0 |      23 |   0.0 |   707
           D:3 |       0 |     194 |   0.0 |       0 |      30 |   0.0 |   995
           D:4 |       0 |      83 |   0.0 |       0 |      12 |   0.0 |   998
           D:5 |       0 |     445 |   0.0 |       0 |       9 |   0.0 |   939
           D:6 |       0 |     542 |   0.0 |       0 |      13 |   0.0 |   605
           D:8 |       0 |    2647 |   0.0 |       0 |      36 |   0.0 |  1049
           D:9 |       0 |     388 |   0.0 |       0 |      13 |   0.0 |   806
               +---------+---------+-------+---------+---------+-------+---------
